 Dungeon Crawl Stone Soup version 0.28.0 (webtiles) character file.

Game seed: 10527264082249898097

5 Zonian the Magician (level 1, 0/15 HPs)
             Began as a Djinni Ice Elementalist on Feb 5, 2022.
             Was a Follower of Okawaru.
             Slain by a quokka (3 damage)
             ... on level 1 of the Dungeon.
             The game lasted 00:00:40 (250 turns).

Zonian the Magician (Djinni Ice Elementalist)        Turns: 250, Time: 00:00:40

Health: 0/15       AC:  2    Str:  7    XL:     1   Next: 88%
Gold:   12         EV: 12    Int: 16    God:    Okawaru [*.....] SH:  0 Dex: 13

rFire   + + .      SeeInvis .   (no weapon)
rCold   x . .      Faith    .   (no shield)
rNeg    . . .      Spirit   .   a - +0 robe
rPois   ∞          Reflect  .   (no helmet)
rElec   .          Harm     .   (no cloak)
rCorr   .          Rampage  .   (no gloves)
Will    .....                   (boots unavailable)
Stlth   ++........              (no amulet)
HPRegen 0.05/turn               (no ring)
MPRegen 0.00/turn               (no ring)

@: flying, very slightly contaminated
A: sickness immunity, fire resistance 2, cold vulnerability 1, float, innate
caster, HP casting, extra vitality 1
a: Renounce Religion, Heroism


You were on level 1 of the Dungeon.
You worshipped Okawaru.
Okawaru was aware of your devotion.
You visited 1 branch of the dungeon, and saw 1 of its levels.

You collected 12 gold pieces.

Inventory:

Armour
 a - a +0 robe (worn)
Scrolls
 b - a scroll of brand weapon {unknown}


   Skills:
 + Level 2.4 Dodging
 + Level 1.7 Stealth
 + Level 3.3 Spellcasting


You couldn't memorise any spells.
You knew the following spells:

 Your Spells              Type           Power      Damage    Failure   Level
a - Freeze                Ice            52%        1d7       4%          1
b - Frozen Ramparts       Ice            26%        1d4       14%         3
c - Ozocubu's Armour      Ice            13%        N/A       14%         3
d - Hailstorm             Conj/Ice       13%        3d5       41%         4
Your spell library was empty.

Dungeon Overview and Level Annotations

Branches:
Dungeon (1/15)

Altars:
Okawaru


Innate Abilities, Weirdness & Mutations

You are immune to sickness and miasma.
You are immune to poison.
Your flesh is very heat resistant. (rF++)
You are vulnerable to cold. (rC-)
You float through the air rather than walking.
You learn spells naturally, not from books.
Your magical power is your life essence.
You have superior vitality. (+4 MHP)


Message History

You freeze the endoplasm.
The endoplasm is almost dead.
The endoplasm misses you.
You freeze the endoplasm.
You kill the endoplasm!
Unknown command.
There is a faded altar of an unknown god here.
You cannot tell which god this altar belongs to.
Convert to them anyway?
Okawaru accepts your prayer! Okawaru welcomes you!
You can now gain great but temporary skills.
You see here a +0 club.
A quokka comes into view.
A quokka is nearby!
Unknown command.
You miscast Freeze.
You are very lightly contaminated with residual magic.
Nothing appears to happen.
The quokka barely misses you.
You freeze the quokka.
The quokka is moderately wounded.
The quokka bites you.
Unknown command.
Casting: Freeze (safe; 4% risk of failure)
Confirm with . or Enter, or press ? or * to list all spells.
Aiming: Freeze (safe; 4% risk of failure)
Press: ? - help, Shift-Dir - straight line, f/p - quokka
Aim: a quokka (moderately wounded)
You freeze the quokka.
The quokka is heavily wounded.
The quokka bites you.
Unknown command.
Casting: Freeze (safe; 4% risk of failure)
Confirm with . or Enter, or press ? or * to list all spells.
Aiming: Freeze (safe; 4% risk of failure)
Press: ? - help, Shift-Dir - straight line, f/p - quokka
Aim: a quokka (heavily wounded)
You miscast Freeze.
Nothing appears to happen.
The quokka bites you.
* * * LOW HITPOINT WARNING * * *
The quokka bites you.
You die...

........#.########.#.#
.#...##.#.# #.#.#
.#...##.#.# #.#.#
.#...##.#.# #)#.#
.#...##.#.# #.#.#
.#...##.#.# #.#.#
.######.#.########.#.#
.. ...........#.#.# ..
..#......r@..#.#
.##########


You could see a quokka.

Vanquished Creatures
  A ball python (D:1)
  2 endoplasms (D:1)
  A goblin (D:1)
4 creatures vanquished.

Notes
Turn   | Place    | Note
-------+----------+-------------------------------------------
     0 | D:1      | Zonian the Djinni Ice Elementalist began the quest for the
                  | Orb.
     0 | D:1      | Reached XP level 1. HP: 15/15 MP: 0/0
   147 | D:1      | Found a faded altar of an unknown god.
   224 | D:1      | Prayed at the altar of an unknown god.
   224 | D:1      | Became a worshipper of Warmaster Okawaru
   224 | D:1      | Reached * piety under Okawaru
   250 | D:1      | Slain by a quokka

Illustrated notes

Levels and vault maps discovered:
D:1:      lemuel_arrival_hallway, layout_basic,
          dreamdust_ecumenical_altar_statues

Action                   || total
-------------------------++-------
Melee: Unarmed           ||     1
 Cast: Freeze            ||     8
Dodge: Dodged            ||     2
